 Dungeon Crawl Stone Soup version 0.20.1-1-g8b1a95d (webtiles) character file.

3995 poxvuibr the Arsonist (level 10, -5/50 HPs)
             Began as a Deep Elf Wizard on Oct 17, 2017.
             Was an Initiate of Vehumet.
             Killed from afar by Feta's ghost (31 damage)
             ... with a flame tongue
             ... on level 9 of the Dungeon on Oct 19, 2017.
             The game lasted 01:09:52 (17736 turns).

poxvuibr the Arsonist (Deep Elf Wizard)            Turns: 17736, Time: 01:09:53

Health: -5/50      AC:  7    Str:  4    XL:     10   Next: 3%
Magic:  15/25      EV: 13    Int: 27    God:    Vehumet [......]
Gold:   543        SH:  0    Dex: 13    Spells: 19/28 levels left

rFire    . . .     SeeInvis .   L - +0 whip (flame)
rCold    . . .     Gourm    .   (no shield)
rNeg     + . .     Faith    .   x - +2 robe {rN+}
rPois    .         Spirit   .   K - +0 helmet
rElec    .         Reflect  .   J - +0 cloak
rCorr    .         Harm     .   (no gloves)
MR       +....                  I - +0 pair of boots (curse)
Stlth    ++........             (no amulet)
Regen    0.2/turn               (no ring)
MPRegen  0.2/turn               (no ring)

@: lethally poisoned (-5 -> -20)
A: no striking features
a: Renounce Religion


You were on level 9 of the Dungeon.
You worshipped Vehumet.
Vehumet was noncommittal.
You were not hungry.

You visited 2 branches of the dungeon, and saw 10 of its levels.

You collected 543 gold pieces.

Inventory:

Hand Weapons
 n - a +1 dagger of venom
 o - a +1 whip of freezing
 L - a +0 whip of flaming (weapon)
Armour
 a - a +0 robe
 b - a +0 hat
 p - a +0 pair of boots
 x - a +2 robe of positive energy (worn)
 I - a cursed +0 pair of boots (worn)
 J - a +0 cloak (worn)
 K - a +0 helmet (worn)
Wands
 k - a wand of flame (22/48)
 u - a wand of iceblast (15/15)
 v - a wand of polymorph (9/24)
 C - a wand of lightning (0/15)
 F - a wand of disintegration (16/24)
 M - a wand of lightning (7/15)
Scrolls
 e - 3 scrolls of recharging
 i - a scroll of enchant weapon
 l - 3 scrolls of teleportation
 q - a scroll of fear {unknown}
 r - a scroll of enchant armour {unknown}
 s - 3 scrolls of remove curse {unknown}
 t - 2 scrolls of immolation {unknown}
 y - a scroll of blinking {unknown}
 D - a scroll of magic mapping {unknown}
 H - a scroll of identify
Potions
 f - a potion of flight
 h - 4 potions of haste
 j - 3 potions of curing
 m - a potion of might {unknown}
 z - 5 potions of ambrosia
 A - a potion of degeneration
 B - a potion of agility
 E - a potion of heal wounds {unknown}
 G - a potion of invisibility {unknown}
Books
 c - a book of Minor Magic

   Spells                             Type                      Level
   a - Magic Dart                     Conjuration                  1
   b - Blink                          Translocation                2
   c - Call Imp                       Summoning                    2
   d - Slow                           Hexes                        2
   e - Conjure Flame                  Conjuration/Fire             3
   f - Mephitic Cloud                 Conjuration/Poison/Air       3
Comestibles
 d - 5 bread rations
 g - 5 royal jellies
 w - 2 meat rations
 N - 3 chunks of flesh


   Skills:
 - Level 2.4 Dodging
 - Level 2.4 Stealth
 + Level 9.9 Spellcasting
 + Level 7.7 Conjurations
   Level 1.1 Summonings
 - Level 1.1 Translocations
 * Level 10.1 Fire Magic
 - Level 5.0 Air Magic


You had 19 spell levels left.
You knew the following spells:

 Your Spells              Type           Power        Failure   Level  Hunger
a - Conjure Flame         Conj/Fire      ######..     1%          3    None
b - Blink                 Tloc           N/A          4%          2    None
c - Mephitic Cloud        Conj/Pois/Air  #####...     2%          3    None
z - Magic Dart            Conj           ####         1%          1    None


Dungeon Overview and Level Annotations

Branches:
Dungeon (9/15)             Temple (1/1) D:7
   Lair: D:8-11         Orc: D:9-12

Altars:
Ashenzari
Cheibriados
Dithmenos
Elyvilon
Gozag
Hepliaklqana
Kikubaaqudgha
Nemelex Xobeh
Okawaru
Qazlal
Ru
Uskayaw
Vehumet
Xom
Yredelemnul
Zin
The Shining One

Annotations:
D:7 Dowan, Duvessa
D:8 Grum
D:9 Feta's ghost, journeyman GrCj


Message History

The magic dart hits Feta's ghost.
Feta's ghost is heavily damaged.
You feel sick.
Feta's ghost is engulfed in blazing flames.
Feta's ghost hits you but does no damage.
You are more poisoned.
Casting: Magic Dart
Confirm with . or Enter, or press ? or * to list all spells.
Aiming: Magic Dart
Press: ? - help, Shift-Dir - straight line, f/p - Feta's ghost
Aim: Feta's ghost, wielding a weapon of venom (flame, severely damaged)
The magic dart hits Feta's ghost.
Feta's ghost is severely damaged.
You feel sick.
Feta's ghost is engulfed in blazing flames.
Feta's ghost threatens, "I'm fresh out of hellfire, but you will end anyway."
Feta's ghost gestures at you while chanting.
The flame tongue hits you!
Ouch! That really hurt!
You die...

#############
............#
............#########
............#.......#
............#.......#
............#...@#..#
............##..W#..#
.......≈....####§#..#
............##......#
............##.#....#
....####....##.######
....# #....##.#
......##.......#
......#......###


You could see Feta's ghost.

Vanquished Creatures
  Pikel (D:6)
  A troll (D:8)
  Prince Ribbit (D:5)
  A yak (D:5)
  Eustachio (D:5)
  An orc warrior (D:6)
  2 sky beasts
  3 slaves
  3 ogres
  A phantom (D:5)
  A centaur (D:5)
  5 bullfrogs
  3 scorpions (D:5)
  A wight (D:8)
  5 howler monkeys
  An electric eel (D:9)
  A crimson imp (D:5)
  A centaur skeleton (D:7)
  6 hounds
  8 orc wizards
  2 bullfrog skeletons (D:8)
  8 orc priests
  A gnoll shaman (D:5)
  4 iguanas
  Jessica (D:3)
  11 worker ants
  A hound skeleton (D:6)
  A worker ant zombie (D:7)
  8 gnolls
  4 adders
  2 shadow imps
  2 oozes
  2 worms (D:2)
  3 dart slugs
  5 leopard geckos
  31 orcs
  7 bats
  6 giant cockroaches
  9 hobgoblins
  20 jackals
  2 quokkas
  A ball python (D:4)
  7 frilled lizards
  16 goblins
  13 kobolds
  A leopard gecko skeleton (D:4)
  2 quokka skeletons
  8 rats
225 creatures vanquished.

Notes
Turn   | Place    | Note
-------+----------+-------------------------------------------
     0 | D:1      | poxvuibr the Deep Elf Wizard began the quest for the Orb.
     0 | D:1      | Reached XP level 1. HP: 10/10 MP: 7/7
   264 | D:1      | Reached XP level 2. HP: 15/15 MP: 6/9
  1899 | D:1      | Reached XP level 3. HP: 19/19 MP: 9/11
  1979 | D:2      | Reached skill level 5 in Spellcasting
  2551 | D:2      | Learned a level 3 spell: Conjure Flame
  2555 | D:2      | Learned a level 3 spell: Mephitic Cloud
  2558 | D:2      | Learned a level 2 spell: Blink
  2727 | D:2      | Found a sacrificial altar of Ru.
  2869 | D:2      | Reached XP level 4. HP: 24/24 MP: 8/13
  3342 | D:2      | Found a sacrificial altar of Ru.
  3746 | D:2      | Reached skill level 1 in Fire Magic
  3986 | D:3      | Noticed Jessica
  3991 | D:3      | Killed Jessica
  4015 | D:3      | Reached skill level 1 in Air Magic
  4435 | D:3      | Reached skill level 2 in Fire Magic
  4537 | D:3      | Reached XP level 5. HP: 16/28 MP: 5/15
  5412 | D:4      | Reached skill level 3 in Fire Magic
  5646 | D:4      | Noticed an ogre
  5883 | D:4      | Reached XP level 6. HP: 32/32 MP: 13/17
  6642 | D:3      | Reached skill level 4 in Fire Magic
  7115 | D:4      | Reached XP level 7. HP: 36/36 MP: 9/18
  7940 | D:4      | Reached skill level 5 in Fire Magic
  8368 | D:4      | Reached skill level 5 in Conjurations
  8668 | D:5      | Entered Level 5 of the Dungeon
  8721 | D:5      | Found an opulent altar of Gozag.
  8744 | D:5      | Noticed a yak
  8745 | D:5      | Noticed Eustachio
  8746 | D:5      | Noticed Prince Ribbit
  9164 | D:5      | Killed Prince Ribbit
  9164 | D:5      | Reached skill level 6 in Fire Magic
  9164 | D:5      | Reached XP level 8. HP: 41/41 MP: 11/21
 10786 | D:5      | Reached skill level 7 in Fire Magic
 11172 | D:5      | Killed Eustachio
 11406 | D:5      | Reached XP level 9. HP: 22/45 MP: 7/23
 11792 | D:5      | Reached skill level 8 in Fire Magic
 12360 | D:5      | Reached skill level 5 in Air Magic
 12634 | D:5      | Found an opulent altar of Gozag.
 12979 | D:6      | Found a stormy altar of Qazlal.
 15359 | D:6      | Reached skill level 9 in Fire Magic
 15530 | D:6      | Found a stormy altar of Qazlal.
 15714 | D:6      | You fall through a shaft for 2 floors!
 16107 | D:8      | Noticed Grum
 16150 | D:7      | Found a staircase to the Ecumenical Temple.
 16281 | Temple   | Entered the Ecumenical Temple
 16344 | Temple   | Became a worshipper of Vehumet
 16382 | D:7      | Noticed Pikel
 16531 | D:8      | Noticed a troll
 16554 | D:8      | Killed a troll
 16704 | D:7      | Noticed Dowan
 16704 | D:7      | Noticed Duvessa
 17197 | D:6      | Killed Pikel
 17197 | D:6      | Reached skill level 10 in Fire Magic
 17527 | D:8      | Reached XP level 10. HP: 50/50 MP: 15/25
 17632 | D:9      | Noticed Feta's ghost (journeyman GrCj)
 17736 | D:9      | Killed from afar by Feta's ghost

Skill      XL: |  1  2  3  4  5  6  7  8  9 |
---------------+----------------------------+-----
Conjurations   | 2 3 4 5 6 7 |  7.7
Spellcasting   | 5 6 7 8 9 |  9.9
Fire Magic     | 2 3 4 6 7 10 | 10.1
Air Magic      | 1 2 3 4 5 |  5.0
Dodging        | |  2.4
Stealth        | |  2.4
Summonings     | |  1.1
Translocations | |  1.1

Action                   |  1- 3 |  4- 6 |  7- 9 | 10-12 || total
-------------------------+-------+-------+-------+-------++-------
Melee: Dagger            |     6 |    11 |    37 |       ||    54
 Cast: Magic Dart        |    97 |   177 |   434 |    20 ||   728
       Conjure Flame     |       |     7 |    75 |     2 ||    84
       Mephitic Cloud    |       |    11 |    89 |       ||   100
       Blink             |       |     2 |    16 |       ||    18
Evoke: Wand              |       |       |     2 |       ||     2
  Use: Scroll            |       |     3 |     5 |       ||     8
       Potion            |       |       |       |     1 ||     1
 Stab: Confused          |       |     1 |     1 |       ||     2
  Eat: Chunk             |     4 |    15 |     7 |     1 ||    27
       Meat ration       |       |       |     2 |       ||     2
       Bread ration      |       |       |     3 |       ||     3
Armor: Robe              |     1 |     7 |    34 |     2 ||    44
Dodge: Dodged            |    11 |    21 |    58 |     4 ||    94
